AoeStats
← beneath mariana

Hill Fort

506599731Analyzed
4v4 RM · 17d ago on Sep 14, 2026· 67m 39s· 8 players
Game mode
Random Map
Map size
Large (8 player)
Population
200
Speed
Normal
Resources
Standard
Victory
Conquest
Starting age
Dark Age
Ending age
Imperial Age
RankedLock teamsTeams togetherTeam positionsShared explorationLock speedFull tech treeHidden civsTurbo modeCheats
Victory
Defeat
🇲🇽 Mongols · Mexico
1397
+17
🇨🇴 Britons · Colombia
1353
+19
🇳🇿 Italians · New Zealand
1352
+19
🇺🇸 Hindustanis · United States
1327
+20
🇨🇳 Gurjaras · China
1475
-22
🇺🇸 Berbers · United States
1404
-18
1392
-18
🇹🇭 Poles · Thailand
1375
-17
DEMLOUDBOYZ
6:26 Loom
8:30 Feudal Age
9:13 Double-Bit Axe
14:15 Wheelbarrow
15:12 Fletching
18:06 Horse Collar
22:52 Castle Age
21:06 Gold Mining
23:42 Medium Warships
23:30 Bodkin Arrow
24:09 Bow Saw
24:49 Stone Mining
25:31 Ballistics
25:53 Careening
25:57 Clinker Construction
32:02 Imperial Age
31:30 Scale Barding Armor
31:36 Forging
31:28 Kasbah
33:04 Chain Barding Armor
35:30 Conscription
36:44 Bracer
37:54 Chemistry
38:05 Husbandry
38:12 Thumb Ring
39:12 Elite Camel Archer
39:55 Padded Archer Armor
41:11 Leather Archer Armor
41:10 Masonry
42:26 Hoardings
42:18 Bloodlines
43:29 Ring Archer Armor
44:20 Maghrebi Camels
47:08 Caravan
56:49 Murder Holes
57:02 Siege Engineers
(° ^ °)???
10:34 Feudal Age
11:29 Loom
16:56 Castle Age
15:21 Horse Collar
16:11 Double-Bit Axe
19:10 Bow Saw
19:15 Gold Mining
23:56 Padded Archer Armor
25:58 Husbandry
28:20 Wheelbarrow
28:01 Bloodlines
28:25 Leather Archer Armor
30:56 Wheelbarrow
30:24 Town Watch
31:10 Heavy Plow
31:42 Stone Mining
32:15 Hand Cart
36:09 Imperial Age
36:47 Stone Shaft Mining
38:09 Ring Archer Armor
38:02 Conscription
38:41 Guilds
39:22 Caravan
39:14 Elite Conquistador
40:18 Ballistics
41:41 Chemistry
41:57 Scale Barding Armor
41:25 Cavalier
43:55 Two-Man Saw
42:57 Paladin
46:19 Chain Barding Armor
46:11 Forging
46:47 Masonry
48:16 Plate Barding Armor
48:15 Scale Mail Armor
48:51 Iron Casting
48:19 Squires
47:40 Pikeman
49:00 Halberdier
49:58 Chain Mail Armor
51:23 Blast Furnace
51:08 Coinage
52:27 Plate Mail Armor
53:42 Banking
55:54 Town Patrol
57:13 Ballistics
58:22 Supremacy
58:04 Inquisition
61:42 Capped Ram
66:10 Siege Ram
beneath mariana
8:59 Feudal Age
9:29 Double-Bit Axe
9:24 Horse Collar
10:22 Wheelbarrow
14:36 Loom
19:42 Castle Age
21:18 Bow Saw
24:11 Heavy Plow
24:32 Husbandry
25:08 Hand Cart
26:58 Forging
29:20 Iron Casting
29:32 Town Watch
30:15 Gold Mining
30:19 Stone Mining
32:01 Gold Shaft Mining
32:30 Bloodlines
32:28 Scale Barding Armor
37:29 Imperial Age
35:20 Treadmill Crane
35:51 Masonry
36:03 Chain Barding Armor
36:02 Fortified Wall
36:25 Medium Warships
37:07 Kshatriyas
36:35 Light Cavalry
37:33 Fletching
38:12 Elite Shrivamsha Rider
39:15 Conscription
39:39 Hussar
40:33 Bodkin Arrow
41:22 Plate Barding Armor
42:01 Bodkin Arrow
46:53 Town Patrol
48:07 Architecture
50:55 Chemistry
50:21 Bracer
49:49 Heavy Camel Rider
53:15 Padded Archer Armor
53:37 Caravan
53:15 Elite Skirmisher
53:22 Elite Skirmisher
54:37 Leather Archer Armor
56:09 Thumb Ring
59:52 Frontier Guards
68:25 Hoardings
kirtokhan123
11:44 Feudal Age
14:50 Loom
17:53 Castle Age
15:40 Double-Bit Axe
19:26 Bow Saw
18:58 Horse Collar
21:00 Wheelbarrow
21:55 Heavy Plow
23:08 Hand Cart
22:38 Town Watch
27:07 Fletching
30:39 Husbandry
31:39 Bloodlines
32:41 Szlachta Privileges
34:44 Scale Barding Armor
34:50 Forging
34:36 Bodkin Arrow
39:13 Imperial Age
37:18 Chain Barding Armor
37:41 Gold Mining
37:41 Stone Mining
38:34 Iron Casting
38:25 Ballistics
38:17 Fortified Wall
38:02 Murder Holes
37:48 Treadmill Crane
38:20 Masonry
41:04 Blast Furnace
40:43 Conscription
42:11 Crop Rotation
42:06 Cavalier
44:34 Lechitic Legacy
44:17 Caravan
44:48 Coinage
44:49 Devotion
44:54 Light Cavalry
46:12 Winged Hussar
50:17 Bracer
51:24 Chemistry
66:50 Squires
66:37 Arson
66:17 Pikeman
El Senador
9:45 Feudal Age
9:59 Loom
10:44 Double-Bit Axe
12:59 Horse Collar
19:18 Castle Age
18:25 Wheelbarrow
19:02 Gold Mining
19:32 Bloodlines
19:32 Scale Barding Armor
22:14 Hand Cart
25:18 Gold Shaft Mining
25:58 Husbandry
27:02 Chain Barding Armor
27:41 Forging
36:23 Imperial Age
34:58 Heavy Plow
35:18 Bow Saw
36:30 Caravan
36:32 Heavy Camel Rider
38:14 Plate Barding Armor
39:35 Imperial Camel Rider
41:19 Iron Casting
40:53 Fletching
42:06 Chemistry
41:27 Ballistics
41:58 Conscription
43:02 Blast Furnace
42:27 Fletching
44:27 Hoardings
45:18 Light Cavalry
47:56 Hussar
55:08 Bodkin Arrow
61:30 Two-Man Saw
60:43 Masonry
60:21 Town Watch
62:24 Elite Skirmisher
64:32 Bracer
64:33 Padded Archer Armor
67:36 Scale Mail Armor
Estan_Jugando_?
11:20 Feudal Age
15:53 Castle Age
14:09 Double-Bit Axe
15:39 Loom
15:47 Horse Collar
17:14 Fletching
18:50 Bow Saw
22:07 Bodkin Arrow
23:01 Padded Archer Armor
24:54 Wheelbarrow
31:58 Imperial Age
32:58 Leather Archer Armor
33:23 Ballistics
34:02 Caravan
34:33 Coinage
34:09 Bracer
35:13 Chemistry
35:13 Conscription
35:43 Hand Cart
36:33 Bloodlines
37:07 Parthian Tactics
37:01 Town Watch
37:20 Elite Mangudai
45:04 Capped Ram
46:32 Siege Ram
51:09 Scale Barding Armor
51:14 Forging
51:06 Husbandry
50:27 Light Cavalry
53:40 Drill
53:56 Hoardings
53:22 Nomads
53:45 Chain Barding Armor
54:00 Iron Casting
52:47 Hussar
59:16 Blast Furnace
58:17 Scale Mail Armor
60:20 Sappers
68:11 Masonry
67:57 Murder Holes
68:10 Siege Engineers
68:17 Careening
[KT] The Best
10:16 Feudal Age
9:13 Loom
14:29 Castle Age
12:53 Double-Bit Axe
14:08 Horse Collar
17:36 Padded Archer Armor
18:35 Fletching
20:17 Bow Saw
22:19 Ballistics
22:16 Bodkin Arrow
22:39 Gold Mining
23:55 Leather Archer Armor
24:23 Heavy Plow
26:05 Wheelbarrow
27:39 Yeomen
28:04 Town Watch
28:34 Hand Cart
28:13 Stone Mining
28:59 Gold Shaft Mining
35:04 Imperial Age
35:50 Bracer
36:54 Chemistry
36:19 Conscription
38:16 Two-Man Saw
39:42 Ring Archer Armor
39:28 Guilds
42:35 Elite Longbowman
45:25 Scale Mail Armor
45:36 Forging
44:52 Pikeman
46:19 Squires
48:38 Chain Mail Armor
51:36 Plate Mail Armor
51:41 Iron Casting
51:09 Halberdier
56:52 Blast Furnace
57:19 Arson
58:34 Town Patrol
JayJayNico
12:02 Feudal Age
15:59 Castle Age
15:00 Double-Bit Axe
14:56 Horse Collar
17:45 Bow Saw
19:40 Fletching
20:09 Loom
21:05 Bodkin Arrow
26:02 Padded Archer Armor
26:44 Ballistics
29:18 Heavy Plow
30:16 Leather Archer Armor
32:14 Wheelbarrow
37:24 Imperial Age
34:39 Town Watch
35:26 Caravan
35:49 Silk Road
38:41 Guilds
37:56 Elite Genoese Crossbowman
38:56 Conscription
39:22 Hand Cart
39:20 Bracer
40:32 Ring Archer Armor
41:05 Chemistry
40:26 Treadmill Crane
42:23 Hoardings
42:46 Masonry
42:45 Thumb Ring
43:19 Town Patrol
43:28 Scale Barding Armor
43:33 Forging
46:17 Architecture
45:44 Murder Holes
52:11 Bombard Tower
54:53 Chain Barding Armor
55:09 Iron Casting
55:10 Light Cavalry
56:01 Bloodlines
55:51 Husbandry
56:14 Hussar
57:40 Fortified Wall
57:16 Arrowslits
58:21 Plate Barding Armor
58:46 Blast Furnace
Connection lost

Rejoining the realm…

Still unreachable

The connection could not be restored.

Session expired

The server has moved on; the page needs a fresh start.